 Dungeon Sprint DCSS version 0.26-a0-663-g36e8fdb655 (webtiles) character file.

Game seed: 5988495111800139631

28 mhtbhm the Digger (level 2, -9/15 HPs)
             Began as a Deep Elf Earth Elementalist on Oct 12, 2020.
             Mangled by Crazy Yiuf
             ... wielding a +2 quarterstaff of chaos
              (17 damage)
             ... in the Dungeon (Sprint III: "The Ten Rune Challenge").
             The game lasted 00:00:52 (137 turns).

mhtbhm the Digger (Deep Elf Earth Elementalist)      Turns: 137, Time: 00:00:53

Health: -9/15      AC:  2    Str:  5    XL:     2   Next: 96%
Magic:  6/9        EV: 14    Int: 19    God:
Gold:   16         SH:  4    Dex: 15    Spells: 7/10 levels left

rFire    . . .     SeeInvis .   (no weapon)
rCold    . . .     Faith    .   (no shield)
rNeg     . . .     Spirit   .   c - +0 robe
rPois    .         Reflect  .   (helmet restricted)
rElec    .         Harm     .   (no cloak)
rCorr    .         Rampage  .   (no gloves)
MR       .....     NoTele   +   (no boots)
Stlth    ++........             (no amulet)
HPRegen  0.05/turn              (no ring)
MPRegen  0.11/turn              (no ring)

@: no status effects
A: beak, large bone plates 1, mutation resistance 1, sense surroundings 1
a: no special abilities


You were in the Dungeon.
You visited 1 branch You collected 16 gold pieces.

Inventory:

Hand Weapons
 j - a +2 dagger of venom
Missiles
 a - 2 silver javelins
 b - 21 stones (quivered)
Armour
 c - a +0 robe (worn)
Scrolls
 i - a scroll of blinking
 k - a scroll of holy word {unknown}
 l - 5 scrolls of identify
 m - 2 scrolls of remove curse
 o - a scroll of torment {unknown}
Potions
 d - a potion of curing
 e - a potion of heal wounds
 f - a potion of haste
 g - 2 potions of magic
 h - a potion of berserk rage
 n - 3 potions of flight
 p - 4 potions of mutation


   Skills:
 + Level 3.5 Dodging
 + Level 3.2 Stealth
 + Level 4.6 Spellcasting
 + Level 1.1 Transmutations
 + Level 5.9 Earth Magic


You had 7 spell levels left.
You knew the following spells:

 Your Spells              Type           Power        Failure   Level
a - Sandblast             Erth           ####..       1%          1
b - Passwall              Tmut/Erth      ###.....     4%          2

Your spell library contained the following spells:

 Spells                   Type           Power        Failure   Level
 Stone Arrow              Conj/Erth      ###...       12%         3
 Petrify                  Tmut/Erth      ###.....     30%         4
 Lee's Rapid Deconstruct  Erth           ####......   32%         5


Dungeon Overview and Level Annotations

Branches:
Dungeon (1/1)

Altars:

Annotations:
D Crazy Yiuf


Innate Abilities, Weirdness & Mutations

You have a beak for a mouth.
You are partially covered in large bone plates. (SH +4)
You are somewhat resistant to further mutation.
You passively map a small area around you.


Message History

Confirm with . or Enter, or press ? or * to list all spells.
Aiming: Sandblast (safe; 1% risk of failure)
Press: ? - help, Shift-Dir - straight line, f/p - Crazy Yiuf
Aim: Crazy Yiuf, wielding a +2 quarterstaff of chaos and wearing a +2 cloak of magic resistance (heavily wounded)
The blast of sand hits Crazy Yiuf.
Crazy Yiuf is severely wounded.
b - 22 stones A human comes into view.
Casting: Sandblast (safe; 1% risk of failure)
Confirm with . or Enter, or press ? or * to list all spells.
Aiming: Sandblast (safe; 1% risk of failure)
Press: ? - help, Shift-Dir - straight line, f/p - Crazy Yiuf
Aim: Crazy Yiuf, wielding a +2 quarterstaff of chaos and wearing a +2 cloak of magic resistance (severely wounded)
The blast of sand hits Crazy Yiuf.
Crazy Yiuf is almost dead.
b - 21 stones Crazy Yiuf hits you with a +2 quarterstaff of chaos!
You are electrocuted!
Ouch! That really hurt!
You die...

▓▓▓▓▓▓▓▓▓ *
▓<..#...#### ,
▓...#......#####
_
▓..##.....[.#.@#
,
▓##.##.##...#.g#
,*
##.##.###..##'#
, ,
▓#.####.##.†###.
+ ,
▓.###†.##..##
*.., *
▓#.....##..# .p.
* ###..##...#
...# #†.##....#,
,...# *
#..###..## ,...#
,


You could see a human and Crazy Yiuf.

Vanquished Creatures
  Jessica (D)
  3 rats (D)
4 creatures vanquished.

Notes
Turn   | Place    | Note
-------+----------+-------------------------------------------
     0 | D        | mhtbhm the Deep Elf Earth Elementalist began the quest for
                  | the Orb.
     0 | D        | Reached XP level 1. HP: 10/10 MP: 6/6
    31 | D        | Noticed Jessica
    34 | D        | Killed Jessica
    34 | D        | Reached skill level 5 in Earth Magic
    34 | D        | Reached XP level 2. HP: 15/15 MP: 4/9
    63 | D        | Learned a level 2 spell: Passwall
   126 | D        | Gained mutation: You are partially covered in large bone
                  | plates. (SH +4) [potion of mutation]
   126 | D        | Gained mutation: You passively map a small area around you.
                  | [potion of mutation]
   126 | D        | Gained mutation: You have a beak for a mouth. [potion of
                  | mutation]
   126 | D        | Gained mutation: You are somewhat resistant to further
                  | mutation. [potion of mutation]
   129 | D        | Noticed Crazy Yiuf
   137 | D        | Mangled by Crazy Yiuf

Illustrated notes

Levels and vault maps discovered:
D:        dungeon_sprint_mu [sprint_mu_entry_cave, sprint_mu_temple_rooms,
          sprint_mu_d1_horrors, sprint_mu_d2_genie, sprint_mu_d3_branching,
          sprint_mu_orc_legion, sprint_mu_elf_gauntlet, sprint_mu_hive_nellie,
          sprint_mu_lair_fedhas, sprint_mu_vaults_butterflies,
          sprint_mu_slime_circle, sprint_mu_swamp_cave, sprint_mu_shoals_archi,
          sprint_mu_blade_basic, sprint_mu_crypt_fortress,
          sprint_mu_tomb_spiral, sprint_mu_vestibule_basic,
          sprint_mu_gehenna_hellfire, sprint_mu_dis_giant,
          sprint_mu_tartarus_statrot, sprint_mu_cocytus_islands, sprint_mu_zot1]

Skill      XL: |  1 |
---------------+----+-----
Dodging        | 3 |  3.5
Stealth        | 3 |  3.2
Spellcasting   | 4 |  4.6
Earth Magic    | 5 |  5.9
Transmutations | |  1.1

Action                   || total
-------------------------++-------
 Cast: Sandblast         ||     9
       Passwall          ||     1
  Use: Potion            ||     1
Dodge: Dodged            ||     1

Table legend: (Time is in decaauts)
 A = Elapsed time spent in this place.
 B = Non-inter-level travel time spent in this place.
 C = Inter-level travel time spent in this place.
 D = Time resting spent in this place.
 E = Time spent auto-exploring this place.
 F = Levels seen in this place.
 G = Mean time per level.
                   A        B        C        D        E       F      G
               +--------+--------+--------+--------+--------+-----+--------+
         Total |    137 |    137 |      0 |     64 |     10 |   1 |  137.0 |
       Dungeon |    137 |    137 |      0 |     64 |     10 |   1 |  137.0 |
               +--------+--------+--------+--------+--------+-----+--------+

Top non-repeatable levels by time:
       D: 137 daAuts
